 Seeded DCSS version 0.24.0 (webtiles) character file.

Game seed: 8293357002791788011, levelgen mode: deterministic

6480 Auros the Impaler (level 10, -14/83 HPs)
             Began as a Minotaur Fighter on Apr 12, 2020.
             Was an Elder of Wu Jian.
             Demolished by a death yak (15 damage)
             ... on level 8 of the Dungeon.
             The game lasted 00:23:51 (9573 turns).

Auros the Impaler (Minotaur Fighter)                Turns: 9573, Time: 00:23:52

Health: -14/83     AC: 30    Str: 23    XL:     10   Next: 68%
Magic:  9/9        EV: 10    Int:  5    God:    Wu Jian [****..]
Gold:   580        SH: 15    Dex: 15    Spells: 9/9 levels left

rFire    . . .     SeeInvis .   O - +3 war axe of Skirmishing {chop, *Drain +Blink rElec Stlth+} (curse)
rCold    . . .     Gourm    .   j - +0 shield
rNeg     . . .     Faith    .   M - +15 Maxwell's patent armour {-Cast -Tele rElec MR+ rCorr}
rPois    .         Spirit   .   (helmet restricted)
rElec    +         Reflect  +   (no cloak)
rCorr    +         Harm     .   (no gloves)
MR       +....     NoTele   +   N - +1 pair of boots Stlth ..........NoCast +
                                J - +4 amulet of reflection
HPRegen  0.23/turn              e - +3 ring of evasion
MPRegen  0.11/turn              h - +4 ring of dexterity

@: no status effects
A: retaliatory headbutt, horns 2
a: Wall Jump, Serpent's Lash, Renounce Religion, Evoke Blink


You were on level 8 of the Dungeon.
You worshipped Wu Jian.
Wu Jian was greatly pleased with you.
You were not hungry.

You visited 2 branches of the dungeon, and saw 10 of its levels.
You also visited: Sewer.

You collected 580 gold pieces.

Inventory:

Hand Weapons
 a - a +0 trident
 O - the cursed +3 war axe of Skirmishing (weapon) {chop, *Drain +Blink rElec Stlth+}
   (You found it on level 8 of the Dungeon)

   It inflicts extra damage upon your enemies.
   It insulates you from electricity.
   It lets you blink.
   It causes draining when unequipped.
   It makes you more stealthy.
   It has a curse placed upon it.
Missiles
 m - 69 bolts
 q - 183 arrows
 D - 10 atropa-tipped darts
 F - a throwing net
 L - 13 poisoned darts
 S - 20 sling bullets
 Z - 231 stones (quivered)
Armour
 b - a +0 scale mail
 f - a +1 ring mail of cold resistance
 j - a +0 shield (worn)
 x - a +0 ring mail
 M - the +15 Maxwell's patent armour (worn) {-Cast -Tele rElec MR+ rCorr}
   (You found it on level 5 of the Dungeon)

   It insulates you from electricity.
   It affects your resistance to hostile enchantments.
   It prevents spellcasting.
   It prevents most forms of teleportation.
   It provides partial protection from all sources of acid and corrosion.
 N - a +1 pair of boots (worn)
Magical Staves
 K - an uncursed staff of summoning {unknown}
Jewellery
 e - a +3 ring of evasion (left hand)
 h - a +4 ring of dexterity (right hand)
 A - a +3 amulet of reflection
 J - a +4 amulet of reflection (around neck)
 Q - a +3 ring of evasion
Wands
 k - a wand of disintegration (20)
 w - a wand of paralysis (8)
 P - a wand of polymorph (11)
Scrolls
 c - 3 scrolls of remove curse
 g - 3 scrolls of fear {unknown}
 i - 8 scrolls of identify
 l - 2 scrolls of magic mapping {unknown}
 n - a scroll of random uselessness {unknown}
 o - a scroll of fog {unknown}
 u - a scroll of teleportation {unknown}
 y - 4 scrolls of blinking {unknown}
 C - 3 scrolls of amnesia {unknown}
 E - a scroll of summoning {unknown}
Potions
 d - a potion of might
 p - 2 potions of lignification {unknown}
 r - 4 potions of agility
 s - a potion of magic {unknown}
 t - 2 potions of heal wounds {unknown}
 v - a potion of ambrosia
 B - a potion of cancellation {unknown}
 G - a potion of degeneration {unknown}
 H - a potion of berserk rage {unknown}
 I - a potion of curing
Comestibles
 z - 15 rations


   Skills:
 + Level 6.2 Fighting
 + Level 4.8(11.2) Axes
 - Level 15.1(15.4) Polearms
 + Level 6.2 Armour
 + Level 4.3 Dodging
 + Level 6.2 Shields


You had 9 spell levels left.
You didn't know any spells.
Your spell library was empty.

Dungeon Overview and Level Annotations

Branches:
Dungeon (9/15)             Temple (1/1) D:4            Lair (0/6) D:9
  Sewer (visited)
    Orc: D:9-12

Altars:
Ashenzari
Cheibriados
Dithmenos
Elyvilon
Fedhas
Gozag
Hepliaklqana
Kikubaaqudgha
Makhleb
Nemelex Xobeh
Okawaru
Qazlal
Ru
Sif Muna
Trog
Uskayaw
Vehumet
Wu Jian
Xom
Yredelemnul
Zin
The Shining One

Shops:
D:8 !

Annotations:
D:2 1 runed translucent door, Crazy Yiuf
D:8 exclusion: orange crystal statue


Innate Abilities, Weirdness & Mutations

You reflexively headbutt those who attack you in melee.
You have a pair of horns on your head.


Message History

You slash the death yak!
You headbutt the death yak, but do no damage.
The death yak is moderately wounded.
The death yak barely misses you.
You hit the death yak.
The death yak is heavily wounded.
The death yak closely misses you.
You slash the death yak!
The death yak is severely wounded.
The death yak gores you!
* * * LOW HITPOINT WARNING * * *
You spin and attack the death yak.
You hit the death yak.
The death yak is severely wounded.
The death yak gores you!
* * * LOW HITPOINT WARNING * * *
You spin and attack the death yak.
You hit the death yak but do no damage. You headbutt the death yak.
The death yak is severely wounded.
The death yak gores you!
You die...

#................##
#.############....# #.#
#.##+# ##.############.#...
#...............#...
#########..##############...
#..................# #...
#.#######.#..#####.# #...
#.#......Y@..# #.# #...
#.####.##.#..# #.# #... #.#
#.##.#..# #.# #... #.#
#.##.#..#####.######### #.#
#.##.รท................. #.#
#.##.>................. #.#
#.<#....#####.......... #.#
####....[.......####### #.#
#....#######'#######


You could see a death yak (pinned).

Vanquished Creatures
  3 death yaks
  Pikel (D:7)
  An ice statue (D:8)
  2 hippogriffs
  3 yaks (D:8)
  A water moccasin (D:6)
  3 orc warriors
  3 phantoms
  4 ogres
  A centaur (D:7)
  A big kobold (D:8)
  3 bullfrogs
  2 scorpions
  6 killer bees
  3 crimson imps
  2 centaur zombies
  3 orc priests
  6 hounds
  2 jellies
  2 iguanas
  9 orc wizards
  Jessica (D:2)
  6 worker ants
  A hound zombie (D:6)
  2 hound skeletons
  A worker ant zombie (D:5)
  10 adders
  4 gnolls (D:4)
  2 shadow imps
  13 oozes
  4 worms
  2 dart slugs
  14 leopard geckos
  16 orcs
  7 ball pythons
  12 giant cockroaches
  12 goblins
  8 hobgoblins
  16 jackals
  3 quokkas
  6 bats
  8 frilled lizards
  A jackal skeleton (D:4)
  11 kobolds
  6 rats
227 creatures vanquished.

Vanquished Creatures (others)
  A bullfrog (D:7)
  A killer bee (D:7)
  4 jackals (D:7)
6 creatures vanquished.

Grand Total: 233 creatures vanquished

Notes
Turn   | Place    | Note
-------+----------+-------------------------------------------
     0 | D:1      | Auros the Minotaur Fighter began the quest for the Orb.
     0 | D:1      | Reached XP level 1. HP: 19/19 MP: 0/0
   141 | D:1      | Reached skill level 3 in Polearms
   178 | D:1      | Reached XP level 2. HP: 27/27 MP: 1/1
   564 | D:1      | Reached skill level 4 in Polearms
   679 | D:2      | Noticed Jessica
   684 | D:2      | Reached XP level 3. HP: 33/33 MP: 2/2
   687 | D:2      | Killed Jessica
   825 | D:2      | Reached skill level 5 in Polearms
   857 | D:2      | Reached XP level 4. HP: 39/40 MP: 3/3
   982 | D:2      | Found a bloodstained altar of Trog.
  1210 | D:2      | Found a runed translucent door.
  1211 | D:2      | Noticed Crazy Yiuf
  1521 | D:3      | Reached skill level 6 in Polearms
  1537 | D:3      | Reached XP level 5. HP: 28/46 MP: 4/4
  1837 | D:3      | Reached skill level 7 in Polearms
  2709 | D:4      | Reached XP level 6. HP: 40/52 MP: 5/5
  2962 | D:4      | Reached skill level 8 in Polearms
  3257 | D:4      | Found a staircase to the Ecumenical Temple.
  3482 | D:4      | Reached skill level 9 in Polearms
  3482 | D:4      | Reached XP level 7. HP: 42/58 MP: 6/6
  3881 | Temple   | Entered the Ecumenical Temple
  3948 | Temple   | Became a worshipper of the Wu Jian Council
  4241 | D:5      | Entered Level 5 of the Dungeon
  4284 | D:5      | Found a shadowy altar of Dithmenos.
  4430 | D:5      | Found an ancient bone altar of Kikubaaqudgha.
  4483 | D:5      | Found the +15 Maxwell's patent armour {-Cast -Tele rElec
                  | MR+ rCorr}
  4504 | D:5      | Reached skill level 10 in Polearms
  4707 | D:5      | Found a hazy altar of Hepliaklqana.
  4707 | D:5      | Found a shadowy altar of Dithmenos.
  4789 | D:5      | Found a sacrificial altar of Ru.
  4789 | D:5      | Found a stormy altar of Qazlal.
  4796 | D:5      | Found a basalt altar of Yredelemnul.
  4798 | D:5      | Found a burning altar of Makhleb.
  4800 | D:5      | Found a sparkling altar of Nemelex Xobeh.
  4853 | D:6      | Found a glowing drain.
  4882 | D:6      | Reached skill level 11 in Polearms
  4894 | D:6      | Reached XP level 8. HP: 45/66 MP: 7/7
  5002 | Sewer    | Entered a sewer
  5094 | Sewer    | Reached * piety under Wu Jian
  5280 | Sewer    | Reached ** piety under Wu Jian
  5444 | D:6      | Reached skill level 12 in Polearms
  5895 | D:6      | Found a white marble altar of Elyvilon.
  6512 | D:7      | Reached skill level 13 in Polearms
  6654 | D:7      | Noticed a hippogriff
  6883 | D:7      | Killed a hippogriff
  6883 | D:7      | Reached XP level 9. HP: 57/71 MP: 8/8
  7189 | D:7      | Reached *** piety under Wu Jian
  7254 | D:7      | Noticed Pikel
  7264 | D:7      | Killed Pikel
  7264 | D:7      | Reached skill level 14 in Polearms
  7803 | D:8      | Noticed an orange crystal statue
  7854 | D:8      | Reached skill level 15 in Polearms
  7997 | D:8      | Got a brightly glowing war axe
  7998 | D:8      | Identified the cursed +3 war axe of Skirmishing {chop,
                  | *Drain +Blink rElec Stlth+} (You found it on level 8 of the
                  | Dungeon)
  8251 | D:8      | Reached skill level 1 in Axes
  8251 | D:8      | Reached skill level 1 in Dodging
  8278 | D:8      | Noticed an ice statue
  8410 | D:8      | Killed an ice statue
  8717 | D:8      | Found Etiojerys's Distillery.
  9102 | D:8      | Reached XP level 10. HP: 74/80 MP: 9/9
  9167 | D:9      | Noticed a death yak
  9168 | D:9      | Found a staircase to the Lair.
  9168 | D:9      | Noticed a death yak
  9169 | D:9      | Noticed a death yak
  9191 | D:8      | Reached skill level 5 in Fighting
  9191 | D:8      | Reached skill level 5 in Armour
  9191 | D:8      | Reached skill level 5 in Shields
  9218 | D:8      | Killed a death yak
  9218 | D:8      | Reached **** piety under Wu Jian
  9235 | D:9      | Killed a death yak
  9390 | D:9      | Noticed a death yak
  9391 | D:9      | Noticed a death yak
  9440 | D:8      | Killed a death yak
  9572 | D:8      | HP: 1/83 [death yak (12)]
  9573 | D:8      | Demolished by a death yak

Levels and vault maps discovered:
D:1:      matt_arrival_los_fun, layout_basic, minmay_vboxes
D:2:      layout_basic, lightli_temple_of_fire, first_ration,
          minmay_statues_item, chequers_avenue, kennysheep_potato, uniq_jessica,
          uniq_crazy_yiuf_cottage
D:3:      layout_basic, chequers_serial_rivers_small_a
D:4:      layout_basic, temple_fountains
D:5:      layout_cave_pools, lemuel_crystal_altar,
          chequers_temple_overflow_minitemple, amethyst_overflow_temple_binary,
          basic_altar
D:6:      layout_loops_cross, gup_sewer_entry_glass, basic_altar,
          corexii_corridor_pit
D:7:      layout_cave_pools, uniq_pikel
D:8:      minmay_separated_statues, layout_basic, serial_shops, shop_coins
D:9:      minmay_s_stair_smasher, layout_basic, dpeg_lair_monsters, the_bakery
Temple:   nicolae_temple_god_jail
